 Dungeon Crawl Stone Soup version 0.17.1-3-g152610e (webtiles) character file.

95 Mechanique the Magician (level 4, -7/30 HPs)
             Began as a Mummy Wizard on Mar 14, 2016.
             Killed by divine providence
             ... invoked by an orc priest
              (12 damage)
             ... on level 3 of the Dungeon.
             The game lasted 00:12:08 (3737 turns).

Mechanique the Magician (Mummy Wizard)              Turns: 3737, Time: 00:12:08

Health: -7/30      AC:  3    Str: 10    XL:     4   Next: 40%
Magic:  13/19      EV: 12    Int: 18    God:
Gold:   100        SH:  0    Dex: 10    Spells: 4 memorised, 2 levels left

rFire  x . .     SeeInvis .     o - +2 falchion (slice)
rCold  + . .     Clarity  .     e - +0 robe
rNeg   + + +     SustAt   .     (no shield)
rPois  ∞         Gourm    .     b - +0 hat
rElec  .         Spirit   .     (no cloak)
rCorr  .         Warding  .     q - +0 pair of gloves
rMut   .         Stasis   .     (no boots)
MR     .....                    (no amulet)
Stlth  +.........               l - ring of loudness (curse)
                                h - ring of magical power

@: very slightly contaminated, not resistant to hostile enchantments, very
unstealthy
A: no food or potions, fire vulnerability, cold resistance 1, negative energy
resistance 3, torment resistance, unbreathing
a: no special abilities


You were on level 3 of the Dungeon.
You were not hungry.

You visited 1 branch of the dungeon, and saw 3 of its levels.

You collected 100 gold pieces.

Inventory:

Hand Weapons
 a - a +0 club
 o - a +2 falchion of slicing (weapon)
Armour
 b - a +0 hat (worn)
 e - a +0 robe (worn)
 q - a +0 pair of gloves (worn)
Jewellery
 h - a ring of magical power (left hand)
 l - a cursed ring of loudness (right hand)
Scrolls
 d - 2 scrolls of remove curse {unknown}
 f - a scroll of amnesia {unknown}
 g - a scroll of recharging {unknown}
 i - a scroll of fog {unknown}
 j - a scroll of teleportation {unknown}
 k - 2 scrolls of immolation {unknown}
 m - 4 scrolls of identify {unknown}
 n - a scroll of fear {unknown}
 p - a scroll of magic mapping {unknown}
Books
 c - a book of Minor Magic

   Spells                             Type                      Level
   a - Magic Dart                     Conjuration                  1
   b - Blink                          Translocation                2
   c - Call Imp                       Summoning                    2
   d - Repel Missiles                 Charms/Air                   2
   e - Slow                           Hexes                        2
   f - Conjure Flame                  Conjuration/Fire             3
   g - Mephitic Cloud                 Conjuration/Poison/Air       3


   Skills:
 - Level 1.5 Dodging
 - Level 1.5 Stealth
 + Level 4.0 Spellcasting
 + Level 2.6 Conjurations
 - Level 0.7 Summonings
   Level 0.7 Translocations


You had 2 spell levels left.
You knew the following spells:

 Your Spells              Type           Power        Failure   Level  Hunger
a - Magic Dart            Conj           ##..         6%          1    N/A
b - Call Imp              Summ           #.......     17%         2    N/A
c - Mephitic Cloud        Conj/Pois/Air  #.......     34%         3    N/A
d - Conjure Flame         Conj/Fire      #.......     30%         3    N/A

Dungeon Overview and Level Annotations

Branches:
Dungeon (3/15)

Altars:
Gozag


Innate Abilities, Weirdness & Mutations

You do not eat or drink.
Your flesh is vulnerable to fire.
You are immune to poison.
Your flesh is cold resistant.
You are immune to negative energy.
You are immune to unholy pain and torment.
You can survive without breathing.


Message History

Confirm with . or Enter, or press ? or * to list all spells.
You miscast Call Imp.
You are very lightly contaminated with residual magic.
Nothing appears to happen.
The orc closely misses you.
Your crimson imp closely misses the orc.
Casting: Call Imp
Confirm with . or Enter, or press ? or * to list all spells.
A beastly little devil appears in a puff of flame.
The orc hits you.
* * * LOW HITPOINT WARNING * * *
Your crimson imp hits the orc but does no damage.
Something hits your crimson imp but does no damage.
Your crimson imp hits the orc but does no damage.
The orc misses your crimson imp.
Your crimson imp hits the orc.
The orc hits your crimson imp.
Your crimson imp blinks!
The orc priest mumbles some strange prayers to Beogh against you.
Something smites you!
You die...

#........# #..# #..#####.#
#..#### #..# #.# #.....## #..#
#.# ##...... #..#
#.########.##### #..#
#..........# # ##########..#
###########..# #
...)...<##..###............# #
#######........@....#####..#####
#..##.5..†###.#####....... ###
#..#.o##..# #........##### ..#
#..#o..#..# #######..##### #.#
#..#.#5#..# ######..#8..# #.#
#..##.....# #.......#_... #.#
#..o......# #.#####.#8..#
###.####..######.# #.# #.#####
.......o..# #.# #(# #.#


You could see an orc priest, an orc and a friendly crimson imp.

Vanquished Creatures
  4 adders
  2 oozes (D:3)
  A ball python (D:2)
  3 giant cockroaches
  4 goblins
  3 hobgoblins
  A quokka (D:3)
  7 bats
  6 giant geckos
  4 giant newts
  5 kobolds
  6 rats
46 creatures vanquished.

Vanquished Creatures (collateral kills)
  A worm (D:3)
1 creature vanquished.

Grand Total: 47 creatures vanquished

Notes
Turn   | Place    | Note
--------------------------------------------------------------
     0 | D:1      | Mechanique the Mummy Wizard began the quest for the Orb.
     0 | D:1      | Reached XP level 1. HP: 13/13 MP: 4/4
   257 | D:1      | Reached skill level 1 in Conjurations
   750 | D:1      | Reached XP level 2. HP: 19/19 MP: 4/6
   754 | D:1      | Learned a level 2 spell: Call Imp
  1707 | D:2      | Reached XP level 3. HP: 13/24 MP: 1/8
  2869 | D:3      | Found an opulent altar of Gozag.
  2992 | D:3      | Reached XP level 4. HP: 23/30 MP: 3/9
  3046 | D:3      | Learned a level 3 spell: Mephitic Cloud
  3050 | D:3      | Learned a level 3 spell: Conjure Flame
  3624 | D:3      | Reached skill level 4 in Spellcasting
  3737 | D:3      | Killed from afar by an orc priest

Action                   |  1- 3 |  4- 6 || total
-------------------------+-------+-------++-------
Melee: Unarmed           |    17 |       ||    17
       Club              |    19 |       ||    19
       Falchion          |       |    10 ||    10
 Cast: Magic Dart        |    89 |    28 ||   117
       Call Imp          |       |     6 ||     6
